 Dungeon Crawl Stone Soup version 0.28-a0-706-gf6f64a616a (webtiles) character file.

Game seed: 13015036407474301347

18 Demosthentine the Poker (level 2, -1/23 HPs)
             Began as a Merfolk Gladiator on Oct 25, 2021.
             Slain by an adder (4 damage)
             ... on level 2 of the Dungeon.
             The game lasted 00:00:30 (1427 turns).

Demosthentine the Poker (Merfolk Gladiator)         Turns: 1427, Time: 00:00:31

Health: -1/23      AC:  4    Str: 14    XL:     2   Next: 70%
Magic:  2/2        EV: 13    Int:  7    God:
Gold:   12         SH:  0    Dex: 15    Spells: 1/1 levels left

rFire   . . .      SeeInvis .   a - +0 trident
rCold   . . .      Faith    .   (no shield)
rNeg    . . .      Spirit   .   b - +0 leather armour
rPois   .          Reflect  .   c - +0 helmet
rElec   .          Harm     .   (no cloak)
rCorr   .          Rampage  .   (no gloves)
Will    .....                   (no boots)
Stlth   +.........              (no amulet)
HPRegen 0.07/turn               (no ring)
MPRegen 0.08/turn               (no ring)

@: lethally poisoned (-1 -> -2)
A: (nimble swimmer 2), mertail
a: no special abilities


You were on level 2 of the Dungeon.
You visited 1 branch of the dungeon, and saw 2 of its levels.

You collected 12 gold pieces.

Inventory:

Hand Weapons
 a - a +0 trident (weapon)
Missiles
 d - 3 throwing nets (quivered)
Armour
 b - a +0 leather armour (worn)
 c - a +0 helmet (worn)


   Skills:
 + Level 2.5 Fighting
 + Level 4.8 Polearms
 - Level 2.0 Throwing
 + Level 0.5 Armour
 + Level 4.3 Dodging


You had one spell level left.
You didn't know any spells.
Your spell library was empty.

Dungeon Overview and Level Annotations

Branches:
Dungeon (2/15)

Altars:


Innate Abilities, Weirdness & Mutations

((You are quick and stealthy near water. (Stealth+, EV+, Speed+++)))
Your lower body shifts to a powerful aquatic tail in water.


Message History

There is a stone staircase leading down here.
There is a stone staircase leading down here.
An adder comes into view.
The adder hisses angrily.
An adder is nearby!
An adder is nearby!
You hit the adder but do no damage. The adder bites you.
You are poisoned.
The adder poisons you!
You miss the adder.
You feel sick. The adder bites you. The adder completely misses you.
You barely miss the adder.
You feel sick. The adder barely misses you.
You puncture the adder!
The adder is heavily wounded.
You feel sick. The adder bites you.
You are more poisoned.
The adder poisons you!
You barely miss the adder.
The adder is heavily wounded.
You feel sick. The adder bites you but does no damage.
The adder closely misses you.
You are too injured to fight recklessly!
You are too injured to fight recklessly!
You are too injured to fight recklessly!
You are too injured to fight recklessly!
You miss the adder.
The adder is heavily wounded.
You feel sick. The adder bites you.
You closely miss the adder.
The adder is heavily wounded.
You feel sick. The adder barely misses you.
You barely miss the adder.
The adder is heavily wounded.
You feel sick. The adder bites you.
* * * LOW HITPOINT WARNING * * *
The adder bites you but does no damage.
You barely miss the adder.
The adder is heavily wounded.
You feel sick. The adder bites you.
You die...

##.# #.### #....##
#.### #...###......
#[..# ####......###.
###.####.#####...#.#.
#[.......#####.#.#.
#####..#>.# #..... .
#...##.## #.###.
....#####.#.##..#
#.#...
.....!S@....###.#
#.###. ....###....##
#.###..... # ##...#
#..##.#.#. ....#
##....#.#. #.#..#
#.#..###. #.#...
#.##..... #.#.#.#
#†#######
#.#.#>####.# #####
#.....<##.....


You could see an adder.

Vanquished Creatures
  2 ball pythons (D:1)
  2 endoplasms (D:1)
  4 goblins (D:1)
  2 jackals (D:1)
  3 frilled lizards
  5 rats
18 creatures vanquished.

Notes
Turn   | Place    | Note
-------+----------+-------------------------------------------
     0 | D:1      | Demosthentine the Merfolk Gladiator began the quest for the
                  | Orb.
     0 | D:1      | Reached XP level 1. HP: 16/16 MP: 1/1
   200 | D:1      | Reached XP level 2. HP: 23/23 MP: 2/2
   672 | D:1      | Found a faded altar of an unknown god.
  1427 | D:2      | Slain by an adder

Illustrated notes

Levels and vault maps discovered:
D:1:      lightli_arrival_statuegarden, layout_basic,
          dilly_ecumenical_altar_fadedgnrine, corexii_leaking_fountain
D:2:      layout_rooms, minmay_misc_feat_nine_boxes

Action                   || total
-------------------------++-------
Melee: Trident           ||    35
  Use: Scroll            ||     1
 Stab: Sleeping          ||     2
Armor: Leather armour    ||     3
Dodge: Dodged            ||     9

Table legend: (Time is in decaauts)
 A = Elapsed time spent in this place.
 B = Non-inter-level travel time spent in this place.
 C = Inter-level travel time spent in this place.
 D = Time resting spent in this place.
 E = Time spent auto-exploring this place.
 F = Levels seen in this place.
 G = Mean time per level.
                   A        B        C        D        E       F      G
               +--------+--------+--------+--------+--------+-----+--------+
         Total |   1426 |   1390 |     36 |      0 |   1288 |   2 |  713.0 |
       Dungeon |   1426 |   1390 |     36 |      0 |   1288 |   2 |  713.0 |
               +--------+--------+--------+--------+--------+-----+--------+

Top non-repeatable levels by time:
     D:1: 1337 daAuts
     D:2: 88 daAuts
